 Dungeon Crawl Stone Soup version 0.31-a0-18-gea43df2a32 (webtiles) character file.

Game seed: 1965265455692233792

547 hadoken the Shooter (level 7, -1/60 HPs)
             Began as a Hill Orc Hunter on May 12, 2023.
             Slain by a bullfrog (5 damage)
             ... on level 4 of the Dungeon.
             The game lasted 00:09:15 (3142 turns).

hadoken the Shooter (Hill Orc Hunter)               Turns: 3142, Time: 00:09:16

Health: -1/60      AC:  4    Str: 14    XL:     7   Next: 28%
Magic:  7/7        EV: 11    Int:  9    God:
Gold:   165        SH:  0    Dex: 16    Spells: 6/6 levels left

rFire   . . .        a - +1 shortbow
rCold   . . .        (shield currently unavailable)
rNeg    . . .        c - +1 leather armour
rPois   .            (no helmet)
rElec   .            (no cloak)
rCorr   .            (no gloves)
SInv    .            (no boots)
Will    .....        (no amulet) Stlth
                     (no ring)
HPRegen 0.30/turn    (no ring)
MPRegen 0.10/turn

%: no passive effects
@: mighty, silenced, hasted, very quick
A: no striking features
a: no special abilities


You were on level 4 of the Dungeon.
You visited 1 branch of the dungeon, and saw 4 of its levels.
You also visited: Sewer.

You collected 285 gold pieces.
You spent 120 gold pieces at shops.

Inventory:

Hand Weapons
 a - a +1 shortbow (weapon)
Missiles
 m - 3 curare-tipped darts
Armour
 c - a +1 leather armour (worn)
Scrolls
 b - a scroll of immolation
Potions
 e - a potion of curing
 f - a potion of cancellation
 h - a potion of haste
 k - a potion of flight
 l - 2 potions of attraction
 s - a potion of resistance {unknown}


   Skills:
 - Level 4.5 Fighting
 * Level 6.2 Ranged Weapons
 + Level 4.0 Armour
 - Level 1.5 Dodging
 - Level 0.7 Stealth


You had 6 spell levels left.
You didn't know any spells.
Your spell library contained the following spells:

 Spells                   Type           Power      Damage    Failure   Level
 Kiss of Death            Conj/Necr      0%         2d5       45%         1
 Necrotise                Necr           0%         1d4       45%         1
 Confusing Touch          Hex            0%         N/A       83%         3
 Vampiric Draining        Necr           0%         2d6       83%         3
 Dispel Undead            Necr           0%         3d6       99%         4
 Agony                    Necr           0%         N/A       100%        5


Dungeon Overview and Level Annotations

Branches:
Dungeon (4/15)              Sewer (visited)
 Temple: D:4-7

Altars:
Qazlal
Vehumet

Shops:
D:2 *   D:3 !

Annotations:
D:4 Sigmund


Message History

You shoot an arrow. The arrow hits the bullfrog.
The bullfrog is heavily wounded.
The bullfrog hits you!
* * * LOW HITPOINT WARNING * * *
Fire: a) +1 shortbow
Press: ? - help, Q - select action, (/) - cycle Shift-Dir - straight line, f/p - bullfrog
Aim: a bullfrog (silenced, heavily wounded, 60% to hit)
You shoot an arrow. The arrow hits the bullfrog.
The bullfrog is heavily wounded.
The bullfrog barely misses you.
Fire: a) +1 shortbow
Press: ? - help, Q - select action, (/) - cycle Shift-Dir - straight line, f/p - bullfrog
Aim: a bullfrog (silenced, heavily wounded, 60% to hit)
You shoot an arrow. The arrow hits the bullfrog!
The bullfrog is severely wounded.
The bullfrog hits you.
* * * LOW HITPOINT WARNING * * *
The bullfrog hits you.
* * * LOW HITPOINT WARNING * * *
Fire: a) +1 shortbow
Press: ? - help, Q - select action, (/) - cycle Shift-Dir - straight line, f/p - bullfrog
Aim: a bullfrog (silenced, severely wounded, 60% to hit)
You shoot an arrow. The arrow closely misses the bullfrog.
The arrow hits the jelly.
The jelly is almost dead.
The bullfrog hits you.
* * * LOW HITPOINT WARNING * * *
Fire: a) +1 shortbow
Press: ? - help, Q - select action, (/) - cycle Shift-Dir - straight line, f/p - bullfrog
Aim: a bullfrog (silenced, severely wounded, 60% to hit)
You shoot an arrow. The arrow misses the bullfrog.
The arrow hits the jelly.
You kill the jelly!
The bullfrog closely misses you.
Your Armour skill increases to level 4!
Fire: a) +1 shortbow
Press: ? - help, Q - select action, (/) - cycle Shift-Dir - straight line, f/p - bullfrog
Aim: a bullfrog (silenced, severely wounded, 60% to hit)
You shoot an arrow. The arrow barely misses the bullfrog.
The bullfrog hits you.
You die...

*****#########
*,,,*#.@F....###### **
#......#####......# ,*
#..####*,,,#####..# ,*
##,,+,,,,,_,,,,,+..# ,*
#...#####,,,#####J.# ,*
**,#..§§§#####......# ,*
*.....F#§§§§§.....#.# ,*
*....§,###§.§......(#
,*******......###.......####


You could see a bullfrog.

Vanquished Creatures
  A water moccasin (Sewer)
  A gnoll sergeant (D:4)
  A jelly (D:4)
  2 hounds (D:4)
  Natasha (twice) (D:3)
  6 adders
  11 gnolls
  5 worms
  A dart slug (D:1)
  An orc (D:3)
  9 bats
  3 endoplasms
  3 giant cockroaches
  7 goblins
  5 hobgoblins
  4 jackals (D:1)
  2 kobolds
  3 quokkas (D:3)
  6 ball pythons
  5 frilled lizards
  9 rats
87 creatures vanquished.

Notes
Turn   | Place    | Note
-------+----------+-------------------------------------------
     0 | D:1      | hadoken the Hill Orc Hunter began the quest for the Orb.
     0 | D:1      | Reached XP level 1. HP: 18/18 MP: 1/1
   101 | D:1      | Reached XP level 2. HP: 25/25 MP: 2/2
   271 | D:1      | Reached skill level 1 in Armour
   339 | D:1      | Found a faded altar of an unknown god.
   472 | D:1      | Reached skill level 4 in Ranged Weapons
   599 | D:1      | Reached XP level 3. HP: 31/31 MP: 3/3
   914 | D:2      | Found a stormy altar of Qazlal.
  1364 | D:2      | Reached XP level 4. HP: 36/38 MP: 4/4
  1428 | D:2      | Found Zetrei's General Store.
  1944 | D:3      | Noticed Natasha
  1949 | D:3      | Killed Natasha
  1950 | D:3      | Reached XP level 5. HP: 46/46 MP: 5/5
  2102 | D:3      | Found Ytuiv's Distillery.
  2103 | D:3      | Noticed Natasha
  2106 | D:3      | Killed Natasha
  2144 | D:3      | Bought 2 potions of degeneration for 24 gold pieces
  2144 | D:3      | Bought a potion of heal wounds for 60 gold pieces
  2144 | D:3      | Bought a potion of attraction for 36 gold pieces
  2176 | D:3      | Reached skill level 5 in Ranged Weapons
  2270 | D:3      | Found a radiant altar of Vehumet.
  2401 | D:3      | Found a glowing drain.
  2415 | Sewer    | Entered a sewer
  2504 | Sewer    | Noticed a water moccasin
  2529 | Sewer    | Killed a water moccasin
  2530 | Sewer    | Reached XP level 6. HP: 37/53 MP: 6/6
  3011 | D:4      | Reached XP level 7. HP: 60/60 MP: 7/7
  3036 | D:4      | Reached skill level 6 in Ranged Weapons
  3096 | D:4      | Noticed Sigmund
  3140 | D:4      | HP: 3/60 [bullfrog (2)]
  3142 | D:4      | Slain by a bullfrog

Illustrated notes

Levels and vault maps discovered:
D:1:      lightli_iron_boxes, layout_loops_corners,
          shapermc_ecumenical_altar_ellora
D:2:      layout_rooms, basic_altar, serial_shops, nicolae_shop_rolling_square
D:3:      layout_rooms, lemuel_coloured_pillars_altar, gup_sewer_entry_bubbles,
          serial_shops, shop, uniq_natasha
D:4:      layout_rooms, mainiacjoe_overflow_surrounded_room,
          chequers_serial_rivers_small_a, uniq_grinder, uniq_sigmund

Skill      XL: |  1  2  3  4  5  6  7 |
---------------+----------------------+-----
Armour         | 1 2 3 4 |  4.0
Ranged Weapons | 4 5 6 |  6.2
Fighting       | 3 4 |  4.5
Dodging        | |  1.5
Stealth        | |  0.7

Action                     |  1- 3 |  4- 6 |  7- 9 || total
---------------------------+-------+-------+-------++-------
   Fire: Shortbow          |    94 |   147 |    32 ||   273
  Throw: Dart              |       |    23 |     5 ||    28
    Use: Scroll            |     2 |       |     8 ||    10
         Potion            |     1 |     2 |     3 ||     6
 Armour: Leather armour    |     5 |    38 |     6 ||    49
  Dodge: Dodged            |    23 |    80 |    13 ||   116

Table legend: (Time is in decaauts)
 A = Elapsed time spent in this place.
 B = Non-inter-level travel time spent in this place.
 C = Inter-level travel time spent in this place.
 D = Time resting spent in this place.
 E = Time spent auto-exploring this place.
 F = Levels seen in this place.
 G = Mean time per level.
                   A        B        C        D        E       F      G
               +--------+--------+--------+--------+--------+-----+--------+
         Total |   3223 |   2859 |    364 |    191 |   1965 |   5 |  644.6 |
       Dungeon |   2966 |   2602 |    364 |    127 |   1812 |   4 |  741.5 |
         Sewer |    256 |    256 |      0 |     64 |    152 |   1 |  256.0 |
               +--------+--------+--------+--------+--------+-----+--------+

Top non-repeatable levels by time:
     D:1: 1279 daAuts
     D:3: 818 daAuts
     D:2: 559 daAuts
     D:4: 309 daAuts
   Sewer: 256 daAuts
